 Dungeon Crawl Stone Soup version 0.27-a0-1513-g2aaa0cc67b (console) character file.

Game seed: 12519188738068755899

1927 jejorda2 the Spear-Bearer (level 9, -8/103 HPs)
             Began as a Merfolk Berserker on July 9, 2021.
             Was a Priest of Trog.
             Mangled by a kobold brigand (10 damage)
             ... on level 6 of the Dungeon.
             The game lasted 00:09:55 (5933 turns).

jejorda2 the Spear-Bearer (Merfolk Berserker)       Turns: 5933, Time: 00:09:55

Health: -8/103     AC: 11    Str: 20    XL:     9   Next: 17%
Magic:  9/9        EV:  8    Int:  6    God:    Trog [***...]
Gold:   118        SH:  0    Dex: 14    Spells: 8/8 levels left

rFire    . . .     SeeInvis .   a - +0 spear
rCold    + . .     Faith    +   (no shield)
rNeg     . . .     Spirit   .   h - +0 chain mail
rPois    .         Reflect  .   (no helmet)
rElec    .         Harm     .   (no cloak)
rCorr    .         Rampage  .   (no gloves)
Will     .....                  d - +0 pair of boots
Stlth    ..........             j - amulet of faith
HPRegen  0.27/turn              p - ring of protection from cold
MPRegen  0.11/turn              (no ring)

@: berserking, lethally poisoned (-8 -> -10), slowed
A: (nimble swimmer 2), mertail
a: Renounce Religion, Berserk, Trog's Hand


You were on level 6 of the Dungeon.
You worshipped Trog.
Trog was most pleased with you.
You visited 1 branch of the dungeon, and saw 6 of its levels.

You collected 251 gold pieces.
You spent 133 gold pieces at shops.

Inventory:

Hand Weapons
 a - a +0 spear (weapon)
Missiles
 s - 16 poisoned darts (quivered)
Armour
 d - a +0 pair of boots (worn)
 h - a +0 chain mail (worn)
Jewellery
 j - an amulet of faith (around neck)
 p - a ring of protection from cold (left hand)
Wands
 t - a wand of digging (5)
Scrolls
 c - 5 scrolls of teleportation {unknown}
 e - 4 scrolls of identify {unknown}
 f - a scroll of fear {unknown}
 k - a scroll of amnesia {unknown}
 n - 2 scrolls of immolation {unknown}
 o - a scroll of magic mapping {unknown}
 r - a scroll of noise {unknown}
Potions
 b - a potion of lignification {unknown}
 g - a potion of berserk rage {unknown}
 i - a potion of heal wounds {unknown}
 l - a potion of haste {unknown}
 m - 2 potions of curing {unknown}
 q - a potion of might {unknown}


   Skills:
 - Level 6.0 Fighting
 * Level 12.7 Polearms
 + Level 4.9 Armour
 - Level 2.6 Dodging


You had 8 spell levels left.
You didn't know any spells.
Your spell library was empty.

Dungeon Overview and Level Annotations

Branches:
Dungeon (6/15)
 Temple: D:4-7

Altars:
Zin

Shops:
D:4 *   D:5 =


Innate Abilities, Weirdness & Mutations

((You are quick and stealthy near water. (Stealth+, EV+, Speed+++)))
Your lower body shifts to a powerful aquatic tail in water.


Message History

The kobold brigand throws a curare-tipped dart.
The curare-tipped dart hits you.
You are poisoned.
You have difficulty breathing.
You feel yourself slow down.
You feel very sick.
The kobold brigand throws a curare-tipped dart.
The curare-tipped dart barely misses you.
Found a book of Flames and a whip.
You feel very sick.
The kobold brigand hits you with a +0 lajatang!
You see here 23 stones.
You hit the kobold brigand.
The kobold brigand is moderately wounded.
You feel sick.
The kobold brigand hits you with a +0 lajatang.
* * * LOW HITPOINT WARNING * * *
You completely miss the kobold brigand.
The kobold brigand is moderately wounded.
You feel sick.
The kobold brigand completely misses you.
You barely miss the kobold brigand.
The kobold brigand is moderately wounded.
You feel sick. The kobold brigand barely misses you.
You hit the kobold brigand.
The kobold brigand is moderately wounded.
You feel sick.
A red film seems to cover your vision as you go berserk!
You feel yourself moving faster!
You feel mighty!
You feel sick.
The kobold brigand hits you with a +0 lajatang!
* * * LOW HITPOINT WARNING * * *
The kobold brigand hits you with a +0 lajatang!
* * * LOW HITPOINT WARNING * * *
You hit the kobold brigand.
The kobold brigand is heavily wounded.
* * * LOW HITPOINT WARNING * * *
You feel sick.
You closely miss the kobold brigand.
The kobold brigand is heavily wounded.
The kobold brigand hits you with a +0 lajatang!
You die...

......# ###......#.........
......####........###'######
#.(......#..######..#.....
#.......###......#..'.....
#......##)##.....#..#.....
#.......#.#......#..#.....
#....#.##.##.#...#..#.....
#...####...#'##..#..#.....
#..##?..K@...)##.#'##.....
#...####...####..#.#....##
#....#.##.##.#.....#....#.
#.......#.#........#....#.
#......##:##.......#....#.
#.......###.....<..#....#.
#........#..########....##
#.....##..................
#.....#####...............


You could see a kobold brigand.

Vanquished Creatures
  3 yaks
  A black bear (D:4)
  3 ice beasts
  2 necrophages
  An ogre (D:5)
  A centaur (D:5)
  2 phantoms (D:5)
  2 scorpions (D:3)
  A bullfrog zombie (D:5)
  2 hounds
  A centaur skeleton (D:4)
  An orc priest (D:6)
  A bullfrog skeleton (D:3)
  A gnoll shaman (D:6)
  2 orc wizards
  4 iguanas
  A hound zombie (D:5)
  3 gnolls (D:6)
  4 adders
  2 white imps
  An ufetubus (D:5)
  3 worms
  A dart slug (D:1)
  11 orcs
  5 bats
  4 endoplasms
  3 giant cockroaches
  7 goblins
  3 hobgoblins
  4 jackals
  3 quokkas
  2 ball pythons
  5 frilled lizards
  5 kobolds
  4 rats
99 creatures vanquished.

Notes
Turn   | Place    | Note
-------+----------+-------------------------------------------
     0 | D:1      | jejorda2 the Merfolk Berserker began the quest for the Orb.
     0 | D:1      | Reached XP level 1. HP: 18/18 MP: 1/1
   122 | D:1      | Found a faded altar of an unknown god.
   199 | D:1      | Reached XP level 2. HP: 24/24 MP: 2/2
   292 | D:1      | Reached skill level 5 in Polearms
   610 | D:1      | Reached XP level 3. HP: 29/29 MP: 3/3
  1299 | D:3      | Reached ** piety under Trog
  1406 | D:3      | Found a glowing silver altar of Zin.
  1427 | D:3      | Reached skill level 6 in Polearms
  1427 | D:3      | Reached XP level 4. HP: 26/37 MP: 4/4
  1573 | D:3      | Noticed a scorpion
  1585 | D:3      | Killed a scorpion
  1586 | D:3      | Reached XP level 5. HP: 38/42 MP: 5/5
  2303 | D:3      | Reached skill level 7 in Polearms
  2436 | D:4      | Reached XP level 6. HP: 49/49 MP: 6/6
  2881 | D:4      | Noticed a black bear
  2896 | D:4      | Killed a black bear
  2897 | D:4      | Reached skill level 8 in Polearms
  2927 | D:4      | Reached skill level 5 in Fighting
  2971 | D:4      | Reached XP level 7. HP: 55/56 MP: 7/7
  3151 | D:4      | Found Jenyig's Assorted Antiques.
  3568 | D:4      | Bought a shiny ring mail for 133 gold pieces
  3590 | D:5      | Entered Level 5 of the Dungeon
  3716 | D:5      | Reached skill level 9 in Polearms
  4116 | D:5      | Found Xonel's Jewellery Shop.
  4173 | D:5      | Reached XP level 8. HP: 37/64 MP: 8/8
  4395 | D:5      | Reached skill level 10 in Polearms
  5026 | D:6      | Reached *** piety under Trog
  5031 | D:6      | Noticed a yak
  5040 | D:6      | Noticed a yak
  5043 | D:6      | Noticed a yak
  5044 | D:6      | Killed a yak
  5045 | D:6      | Reached skill level 11 in Polearms
  5048 | D:6      | Noticed a yak
  5051 | D:6      | Noticed a yak
  5052 | D:6      | Noticed a yak
  5099 | D:5      | Killed a yak
  5109 | D:5      | Killed a yak
  5393 | D:6      | Reached skill level 12 in Polearms
  5638 | D:6      | Reached XP level 9. HP: 56/69 MP: 9/9
  5931 | D:6      | HP: 2/103 [kobold brigand (9)]
  5933 | D:6      | Mangled by a kobold brigand

Illustrated notes

Levels and vault maps discovered:
D:1:      dpeg_arrival_orchard, layout_basic, ebering_ecumenical_altar_mist
D:2:      layout_rooms, hangedman_decor_peaks_small
D:3:      layout_basic, mainiacjoe_overflow_brackets
D:4:      layout_basic, serial_shops, shop_fountains, hangedman_decor_riveting,
          minmay_misc_feat_encased
D:5:      layout_loops_ring, serial_shops, kennysheep_little_box
D:6:      layout_gridville, minmay_fractal_squares_gapless_5

Skill      XL: |  1  2  3  4  5  6  7  8 |
---------------+-------------------------+-----
Polearms       | 5 6 7 8 9 12 | 12.7
Armour         | 2 3 4 |  4.9
Fighting       | 4 5 6 |  6.0
Dodging        | |  2.6

Action                   |  1- 3 |  4- 6 |  7- 9 || total
-------------------------+-------+-------+-------++-------
Melee: Spear             |   157 |   165 |   303 ||   625
Invok: Berserk           |       |     4 |     6 ||    10
       Trog's Hand       |       |     1 |     1 ||     2
 Stab: Distracted        |       |     1 |       ||     1
Armor: Animal skin       |     1 |       |       ||     1
       Ring mail         |    27 |       |       ||    27
       Chain mail        |    15 |    69 |    86 ||   170
Dodge: Dodged            |    55 |    40 |    61 ||   156

Table legend: (Time is in decaauts)
 A = Elapsed time spent in this place.
 B = Non-inter-level travel time spent in this place.
 C = Inter-level travel time spent in this place.
 D = Time resting spent in this place.
 E = Time spent auto-exploring this place.
 F = Levels seen in this place.
 G = Mean time per level.
                   A        B        C        D        E       F      G
               +--------+--------+--------+--------+--------+-----+--------+
         Total |   5833 |   5506 |    327 |    799 |   3892 |   6 |  972.2 |
       Dungeon |   5833 |   5506 |    327 |    799 |   3892 |   6 |  972.2 |
               +--------+--------+--------+--------+--------+-----+--------+

Top non-repeatable levels by time:
     D:5: 1670 daAuts
     D:4: 1213 daAuts
     D:3: 1166 daAuts
     D:1: 815 daAuts
     D:6: 569 daAuts
     D:2: 398 daAuts
